 Dungeon Crawl Stone Soup version 0.28.0-43-g3370ac3207 (webtiles) character file.

Game seed: 14893336422594675940

42 Zeld the Gusty (level 3, -2/19 HPs)
             Began as a Tengu Air Elementalist on Mar 31, 2022.
             Slain by a worm (11 damage)
             ... on level 2 of the Dungeon.
             The game lasted 00:01:24 (1558 turns).

Zeld the Gusty (Tengu Air Elementalist)             Turns: 1558, Time: 00:01:24

Health: -2/19      AC:  2    Str:  8    XL:     3   Next: 56%
Magic:  1/7        EV: 12    Int: 17    God:
Gold:   42         SH:  0    Dex: 14    Spells: 0/6 levels left

rFire   . . .      SeeInvis .   (no weapon)
rCold   . . .      Faith    .   (no shield)
rNeg    . . .      Spirit   .   a - +0 robe
rPois   .          Reflect  .   (helmet restricted)
rElec   .          Harm     .   (no cloak)
rCorr   .          Rampage  .   (no gloves)
Will    .....                   (boots unavailable)
Stlth   ++........              (no amulet)
HPRegen 0.06/turn               (no ring)
MPRegen 0.10/turn               (no ring)

@: no status effects
A: beak, talons 3
a: no special abilities


You were on level 2 of the Dungeon.
You visited 1 branch of the dungeon, and saw 2 of its levels.

You collected 42 gold pieces.

Inventory:

Armour
 a - a +0 robe (worn)
Scrolls
 b - a scroll of noise {unknown}
 d - a scroll of identify {unknown}
 e - a scroll of teleportation {unknown}
 g - a scroll of immolation {unknown}
 h - a scroll of enchant weapon {unknown}
Potions
 c - a potion of might {unknown}
 f - a potion of mutation {unknown}


   Skills:
 + Level 2.6 Dodging
 + Level 2.2 Stealth
 * Level 2.4 Spellcasting
 + Level 2.1 Conjurations
 * Level 4.7 Air Magic


You couldn't memorise any spells.
You knew the following spells:

 Your Spells              Type           Power      Damage    Failure   Level
a - Shock                 Conj/Air       52%        1d6       4%          1
b - Static Discharge      Conj/Air       13%        N/A       7%          2
c - Swiftness             Air            18%        N/A       8%          3

Your spell library contained the following spells:

 Spells                   Type           Power      Damage    Failure   Level
 Airstrike                Air            9%         N/A       26%         4


Dungeon Overview and Level Annotations

Branches:
Dungeon (2/15)

Altars:
Qazlal


Innate Abilities, Weirdness & Mutations

You have a beak for a mouth.
You have claws for feet.


Message History

Aim: a worm (moderately wounded, 89% to hit)
The zap misses the worm.
Unknown command.
Casting: Shock (safe; 4% risk of failure)
Confirm with . or Enter, or press ? or * to list all spells.
Aiming: Shock (safe; 4% risk of failure)
Press: ? - help, Shift-Dir - straight line, f/p - worm
Aim: a worm (moderately wounded, 89% to hit)
The zap hits the worm.
The worm is severely wounded.
Unknown command.
Casting: Shock (safe; 4% risk of failure)
Confirm with . or Enter, or press ? or * to list all spells.
Aiming: Shock (safe; 4% risk of failure)
Press: ? - help, Shift-Dir - straight line, f/p - worm
Aim: a worm (severely wounded, 89% to hit)
The zap misses the worm.
Unknown command.
Casting: Shock (safe; 4% risk of failure)
Confirm with . or Enter, or press ? or * to list all spells.
You don't have enough magic to cast this spell.
A worm is nearby!
A worm is nearby!
A worm is nearby!
You hit the worm. Your kick misses the worm.
The worm is severely wounded.
The worm completely misses you.
You hit the worm but do no damage.
The worm is severely wounded.
You hit the worm but do no damage. You claw the worm.
You peck the worm, but do no damage.
The worm is severely wounded.
The worm bites you!
Ouch! That really hurt!
You are too injured to fight recklessly!
You hit the worm.
The worm is severely wounded.
The worm bites you!
Ouch! That really hurt!
You die...

...†.........
...........# #....
.........#### #... ...
............. #... .....
.............##.. .....
.............<... .....
................###.....
....................#
.###............@w..# .
.#......(...........###..
##.....##########........
.......#.......##........
.......#.......##........
.....<.#.......##........
.......#.†...............
.......#.................
.......#.................


You could see a worm.

Vanquished Creatures
  2 adders (D:2)
  2 dart slugs
  2 bats
  3 endoplasms
  2 goblins
  4 hobgoblins
  A ball python (D:2)
  3 frilled lizards
  A rat (D:1)
20 creatures vanquished.

Notes
Turn   | Place    | Note
-------+----------+-------------------------------------------
     0 | D:1      | Zeld the Tengu Air Elementalist began the quest for the
                  | Orb.
     0 | D:1      | Reached XP level 1. HP: 10/10 MP: 4/4
   196 | D:1      | Reached XP level 2. HP: 13/15 MP: 0/6
   211 | D:1      | Learned a level 2 spell: Static Discharge
  1092 | D:2      | Found a stormy altar of Qazlal.
  1103 | D:2      | Reached XP level 3. HP: 10/19 MP: 0/7
  1107 | D:2      | Learned a level 3 spell: Swiftness
  1558 | D:2      | Slain by a worm

Illustrated notes

Levels and vault maps discovered:
D:1:      erik_arrival_cave_to_civilisation [erik_arrival_cave_to_hall],
          layout_basic
D:2:      layout_basic, basic_altar, dreamdust_ecumenical_altar_statues,
          uniq_robin, uniq_sigmund, uniq_jessica

Skill      XL: |  1  2  3 |
---------------+----------+-----
Conjurations   | 2 |  2.1
Dodging        | |  2.6
Stealth        | |  2.2
Spellcasting   | |  2.4
Air Magic      | |  4.7

Action                   || total
-------------------------++-------
Melee: Unarmed           ||     9
       Kick              ||     4
       Peck              ||     1
 Cast: Shock             ||    52
Armor: Robe              ||     1
Dodge: Dodged            ||     9
